 Dungeon Crawl Stone Soup version 0.31-a0-217-g58bb5d79cf (webtiles) character file.

Game seed: 7029871654145332950

60 qw the Shooter (level 4, -4/26 HPs)
             Began as a Gargoyle Hexslinger on July 2, 2023.
             Slain by a worm (6 damage)
             ... on level 2 of the Dungeon.
             The game lasted 00:00:34 (1193 turns).

qw the Shooter (Gargoyle Hexslinger)                Turns: 1193, Time: 00:00:34

Health: -4/26      AC:  6    Str: 12    XL:     4   Next: 6%
Magic:  5/5        EV: 11    Int: 13    God:
Gold:   90         SH:  0    Dex: 14    Spells: 4/5 levels left

rFire   . . .        Y - +1 sling
rCold   . . .        (no shield)
rNeg    + . .        g - +0 leather armour
rPois   inf          (no helmet)
rElec   +            (no cloak)
rCorr   .            (no gloves)
SInv    .            (no boots)
Will    .....        (no amulet)
Stlth   +            (no ring)
HPRegen 0.24/turn    (no ring)
MPRegen 0.09/turn

%: no passive effects
@: no status effects
A: sickness immunity, AC +3, negative energy resistance 1, electricity
resistance, torment resistance 1, petrification resistance
a: no special abilities


You were on level 2 of the Dungeon.
You visited 1 branch of the dungeon, and saw 2 of its levels.

You collected 90 gold pieces.


Innate Abilities, Weirdness & Mutations

You are immune to sickness and miasma.
Your stone body is resilient. (AC +3)
You are immune to poison.
You resist negative energy. (rN+)
You are resistant to electric shocks. (rElec)
You are resistant to unholy torment.
You are immune to petrification.


   Skills:
 - Level 2.0 Fighting
 + Level 3.9 Ranged Weapons
 - Level 1.5 Dodging
 - Level 1.0 Spellcasting
 - Level 2.6 Hexes


You had 4 spell levels left.
You knew the following spells:

 Your Spells              Type           Power      Damage    Failure   Level
a - Slow                  Hex            28%        N/A       12%         1

Your spell library contained the following spells:

 Spells                   Type           Power      Damage    Failure   Level
 Inner Flame              Hex/Fire       4%         N/A       52%         3
 Portal Projectile        Hex/Tloc       8%         N/A       52%         3
 Cause Fear               Hex            3%         N/A       75%         4

Inventory:

Hand Weapons
 Y - a +1 sling (weapon)
Armour
 g - a +0 leather armour (worn)
Scrolls
 c - 2 scrolls of identify {unknown}
 e - a scroll of enchant weapon {unknown}
Potions
 a - a potion of curing {unknown}
 b - a potion of heal wounds {unknown}
 d - a potion of berserk rage {unknown}

Dungeon Overview and Level Annotations

Branches:
Dungeon (2/15)

Altars:

Shops:
D:1 ?


Message History

You shoot a sling bullet. The sling bullet hits the worm.
The worm is heavily wounded.
The worm bites you.
You shoot a sling bullet. The sling bullet hits the worm.
The worm is heavily wounded.
You shoot a sling bullet. The sling bullet hits the worm.
The worm is severely wounded.
The worm bites you but does no damage.
You shoot a sling bullet. The sling bullet hits the worm.
The worm is severely wounded.
You shoot a sling bullet.
The sling bullet barely misses the worm.
The worm bites you. x2
You shoot a sling bullet.
The sling bullet hits the worm but does no damage.
The worm is heavily wounded.
You shoot a sling bullet. The sling bullet hits the worm.
The worm is almost dead.
The worm barely misses you. The worm bites you.
You shoot a sling bullet. The sling bullet hits the worm.
You kill the worm!
The worm bites you.
You shoot a sling bullet.
The sling bullet completely misses the worm.
The worm bites you.
You shoot a sling bullet.
The sling bullet barely misses the worm.
You shoot a sling bullet. The sling bullet hits the worm.
The worm is moderately wounded.
The worm misses you.
You shoot a sling bullet. The sling bullet hits the worm.
The worm is heavily wounded.
The worm barely misses you.
You shoot a sling bullet. The sling bullet hits the worm.
The worm is heavily wounded.
The worm bites you!
You shoot a sling bullet.
The sling bullet barely misses the worm.
The worm bites you.
You die...

#.......##.##........####
##..........%......####
##.#####.............#
#.# #.....##...##%# #.#
##...####...##.#
#.####[#### ###.##.#
#......# #.##.###
######.# #....... #@#
####..## #%w..$... #....
###...... #.... .7.7.7
#....... . .. ######## ##
##


You could see a worm.

Vanquished Creatures
  An adder (D:2)
  2 worms (D:2)
  3 dart slugs (D:1)
  3 ball pythons
  3 bats (D:2)
  3 endoplasms
  2 goblins (D:2)
  4 hobgoblins
  3 jackals (D:1)
  2 quokkas
  A frilled lizard (D:1)
  3 kobolds
  7 rats
37 creatures vanquished.

Notes
Turn   | Place    | Note
-------+----------+-------------------------------------------
     0 | D:1      | qw the Gargoyle Hexslinger began the quest for the Orb.
     0 | D:1      | Reached XP level 1. HP: 12/12 MP: 2/2
     0 | D:1      | 0 ||| qw: Version: 0.3-a-40-ge99b1a8
     0 | D:1      | 0 ||| qw: Game counter: 195
     0 | D:1      | 0 ||| qw: Melee chars always use a shield: true
     0 | D:1      | 0 ||| qw: God list: Okawaru
     0 | D:1      | 0 ||| qw: Allow faded altars: false
     0 | D:1      | 0 ||| qw: Do Orc after clearing Dungeon:15 true
     0 | D:1      | 0 ||| qw: Do second Lair branch before Depths: true
     0 | D:1      | 0 ||| qw: Lair rune preference: random
     0 | D:1      | 0 ||| qw: Goals: Normal
     0 | D:1      | 0 ||| PLANNING D:1-11
    23 | D:1      | Found a faded altar of an unknown god.
    40 | D:1      | Reached XP level 2. HP: 16/16 MP: 3/3
   213 | D:1      | Reached skill level 3 in Ranged Weapons
   299 | D:1      | 299 ||| UPGRADING to +0 leather armour.
   320 | D:1      | 320 ||| DROPPING +0 robe.
   354 | D:1      | Found Offidwy's Magic Scroll Shop.
   363 | D:1      | 363 ||| SHOPLISTING scroll of identify (20 gold, have 14).
   363 | D:1      | 363 ||| SHOPLISTING scroll of teleportation (30 gold, have
                  | 14).
   624 | D:1      | 624 ||| READING scroll labelled FUFAIX ZOTO.
   628 | D:1      | 628 ||| READING scroll labelled NYULLY BEANOI.
   629 | D:1      | 629 ||| READING scroll labelled ASTIABBE WEDGH.
   630 | D:1      | 630 ||| DROPPING scroll of poison.
   657 | D:2      | 657 ||| STAIRDANCE
   660 | D:1      | Reached XP level 3. HP: 19/21 MP: 4/4
  1116 | D:2      | 1116 ||| FLEEEEING.
  1118 | D:2      | 1118 ||| FLEEEEING.
  1119 | D:2      | 1119 ||| FLEEEEING.
  1120 | D:2      | 1120 ||| FLEEEEING.
  1121 | D:2      | 1121 ||| FLEEEEING.
  1122 | D:2      | 1122 ||| FLEEEEING.
  1123 | D:2      | 1123 ||| FLEEEEING.
  1124 | D:2      | 1124 ||| FLEEEEING.
  1125 | D:2      | 1125 ||| FLEEEEING.
  1126 | D:2      | 1126 ||| FLEEEEING.
  1127 | D:2      | 1127 ||| FLEEEEING.
  1178 | D:2      | Reached XP level 4. HP: 26/26 MP: 5/5
  1192 | D:2      | HP: 2/26 [worm (7)]
  1193 | D:2      | Slain by a worm

Levels and vault maps discovered:
D:1:      heliophobic_arrival_battle_scene, layout_basic, serial_shops,
          nicolae_shop_tiny_waterfront, serial_glass, glass_columns_a,
          glass_columns_a, glass_columns_b, glass_columns_c, glass_columns_a,
          item_on_display_a, due_unseen_surprise, minmay_strange_pillars,
          feat_on_display, shapermc_ecumenical_altar_starsandcircs
D:2:      layout_loops_ring, grunt_ministairs_3

Skill      XL: |  1  2 |
---------------+-------+-----
Ranged Weapons | 3 |  3.9
Fighting       | 2 |  2.0
Dodging        | |  1.5
Spellcasting   | |  1.0
Hexes          | |  2.6

Action                     |  1- 3 |  4- 6 || total
---------------------------+-------+-------++-------
   Fire: Sling             |   114 |    16 ||   130
    Use: Scroll            |     3 |       ||     3
 Armour: Robe              |    10 |       ||    10
         Leather armour    |    19 |     1 ||    20
         Skin              |     1 |       ||     1
  Dodge: Dodged            |    37 |     3 ||    40

Table legend:
 A = Non-vault XP
 B = Vault XP
 C = Vault XP percentage of total XP
 D = Non-vault monster count
 E = Vault monster count
 F = Vault count percentage of total count
                 A         B        C        D         E       F
            +---------+---------+-------+---------+---------+-------
      Total |      86 |       1 |   1.1 |      36 |       1 |   2.7
            +---------+---------+-------+---------+---------+-------
        D:1 |      33 |       0 |   0.0 |      16 |       0 |   0.0
        D:2 |      53 |       1 |   1.9 |      20 |       1 |   4.8
            +---------+---------+-------+---------+---------+-------
